 Dungeon Sprint DCSS version 0.18-a0-1126-ga2d7f46 (webtiles) character file.

58 pipel the Fighter (level 4, 25/41 HPs)
             Began as an Octopode Wanderer on Jan 20, 2016.
             Was an Initiate of Cheibriados.
             Quit the game in the Dungeon (Sprint IX: "|||||||||||||||||||||||||||||").
             The game lasted 00:01:05 (204 turns).

pipel the Fighter (Octopode Wanderer)                Turns: 204, Time: 00:01:05

Health: 25/41      AC:  1    Str: 13    XL:     4   Next: 1%
Magic:  4/4        EV: 11    Int: 12    God:    Cheibriados [......]
Gold:   0          SH:  4    Dex: 15    Spells: 0 memorised, 3 levels left

rFire  . . .     SeeInvis .     j - +0 dagger (drain)
rCold  . . .     Gourm    .     c - +0 buckler
rNeg   . . .     Faith    .     (helmet restricted)
rPois  .         Spirit   .     (no amulet)
rElec  .         Dismiss  .     (no ring)
rCorr  .         Reflect  .     (no ring)
SustAt .         Harm     .     (no ring)
MR     .....     NoTele   +     (no ring)
Stlth  +++.......               (no ring)
                                (no ring)
                                (no ring)
                                (no ring)

@: very slow, not resistant to hostile enchantments, fairly stealthy
A: almost no armour, amphibious, 8 rings, constrict 8, camouflage 1, gelatinous
body 1
a: Bend Time, Renounce Religion


You were in the Dungeon.
You worshipped Cheibriados.
Cheibriados was noncommittal.
You were not hungry.

You visited 1 branch

Inventory:

Hand Weapons
 a - a +2 mace
 j - a +0 dagger of draining (weapon)
Armour
 c - a +0 buckler (worn)
Magical Staves
 p - an uncursed staff of energy
Wands
 o - a wand of fire (7/15)
Scrolls
 i - 2 scrolls of blinking
 m - 3 scrolls of remove curse
 n - 2 scrolls of amnesia
Potions
 b - 6 potions of curing
 e - 3 potions of heal wounds
 f - a potion of haste
 g - 4 potions of magic
 h - a potion of berserk rage
 l - a potion of invisibility
Comestibles
 d - a bread ration
 k - 2 chunks of flesh


   Skills:
 + Level 9.0 Fighting
 + Level 0.8 Short Blades
 - Level 2.0 Maces & Flails
 + Level 1.3 Dodging
 + Level 2.7 Stealth
 + Level 1.4 Shields
 + Level 1.1 Evocations


You had 3 spell levels left.
You didn't know any spells.

Dungeon Overview and Level Annotations

Branches:
Dungeon (1/1)

Altars:
Cheibriados
Dithmenos
Elyvilon
Fedhas
Gozag
Kikubaaqudgha
Makhleb
Nemelex Xobeh
Okawaru
Pakellas
Qazlal
Ru
Sif Muna
Trog
Vehumet
Xom
Yredelemnul
Zin
The Shining One
Beogh
Jiyva
Lugonu


Innate Abilities, Weirdness & Mutations

You cannot wear most types of armour.
You are amphibious.
You can wear up to eight rings at the same time.
You can use your tentacles to constrict eight enemies at once.
Your skin changes colour to match your surroundings (Stealth).
Your rubbery body absorbs attacks (AC +1).


Message History

There is a stormy altar of Qazlal here.
There is an opulent altar of Gozag here.
There is a sacrificial altar of Ru here.
There is an oddly glowing altar of Pakellas here.
You open the door.
Found six items.
Found a +1 chain mail.
There is an open door here.
Found a +2 ring of protection.
g - 4 potions of magic (gained 2);
l - a potion of invisibility
e - 3 potions of heal wounds (gained 2);
b - 6 potions of curing (gained 4)
Found a +3 ring of strength.
m - 3 scrolls of remove curse;
n - 2 scrolls of amnesia
i - 2 scrolls of blinking (gained 1)
o - a wand of fire (7/15)
You see here an uncursed staff of energy.
p - an uncursed staff of energy
Items here: ))))))
Okay, then.
Are you sure you want to abandon this character and quit the game? (Confirm with "yes".) ▓▓▓▓▓▓▓▓▓▓▓▓▓▓▓▓▓▓▓▓▓▓▓ +==[[[@...'____________ ▓▓▓▓▓▓▓▓▓▓▓▓▓▓▓▓▓▓▓▓▓▓▓

There were no monsters in sight!

Vanquished Creatures
  A scorpion (D)
  A worm (D)
  2 giant geckos (D)
  An orc (D)
  A bat zombie (D)
  A ball python skeleton (D)
  2 bats (D)
  A kobold (D)
10 creatures vanquished.

Vanquished Creatures (others)
  A spatial maelstrom (D)
1 creature vanquished.

Grand Total: 11 creatures vanquished

Notes
Turn   | Place    | Note
--------------------------------------------------------------
     0 | D        | pipel the Octopode Wanderer began the quest for the Orb.
     0 | D        | pipel set off with: a +2 mace, 2 potions of curing, a +0 buckler, a bread ration, a potion of heal wounds, a potion of haste, 2 potions of magic, a potion of berserk rage, a scroll of blinking
     0 | D        | Reached XP level 1. HP: 19/19 MP: 1/1
    12 | D        | Banished a spatial maelstrom
    17 | D        | Reached skill level 7 in Fighting
   146 | D        | Noticed a scorpion
   148 | D        | Reached XP level 2. HP: 23/27 MP: 2/2
   151 | D        | Reached skill level 1 in Stealth
   155 | D        | Killed a scorpion
   155 | D        | Reached skill level 8 in Fighting
   155 | D        | Reached skill level 1 in Dodging
   155 | D        | Reached XP level 3. HP: 17/34 MP: 3/3
   159 | D        | Reached skill level 9 in Fighting
   162 | D        | Reached XP level 4. HP: 19/41 MP: 4/4
   169 | D        | Found a glowing silver altar of Zin.
   169 | D        | Found a glowing golden altar of the Shining One.
   169 | D        | Found an ancient bone altar of Kikubaaqudgha.
   169 | D        | Found a basalt altar of Yredelemnul.
   169 | D        | Found a shimmering altar of Xom.
   169 | D        | Found a radiant altar of Vehumet.
   170 | D        | Found an iron altar of Okawaru.
   171 | D        | Found a burning altar of Makhleb.
   172 | D        | Found a deep blue altar of Sif Muna.
   173 | D        | Found a bloodstained altar of Trog.
   174 | D        | Found a sparkling altar of Nemelex Xobeh.
   175 | D        | Found a white marble altar of Elyvilon.
   176 | D        | Found a roughly hewn altar of Beogh.
   177 | D        | Found a viscous altar of Jiyva.
   178 | D        | Found a corrupted altar of Lugonu.
   179 | D        | Found a blossoming altar of Fedhas.
   180 | D        | Found a snail-covered altar of Cheibriados.
   181 | D        | Found a shadowy altar of Dithmenos.
   182 | D        | Found a stormy altar of Qazlal.
   183 | D        | Found an opulent altar of Gozag.
   184 | D        | Found a sacrificial altar of Ru.
   185 | D        | Found an oddly glowing altar of Pakellas.
   188 | D        | Became a worshipper of Cheibriados the Contemplative
   204 | D        | Quit the game

Vault maps used:
D:        linesprint

Action                   |  1- 3 |  4- 6 || total
-------------------------+-------+-------++-------
Melee: Dagger            |    23 |       ||    23
       Mace              |     1 |       ||     1
 Stab: Sleeping          |     2 |       ||     2
